 Dungeon Crawl Stone Soup version 0.30-a0-509-gd016549fea (webtiles) character file.

Game seed: 17517222917968785896

86 IdlyInterested the Cudgeller (level 4, -4/35 HPs)
             Began as a Demonspawn Fighter on Dec 22, 2022.
             Slain by a gnoll
             ... wielding a +0 whip
              (5 damage)
             ... on level 3 of the Dungeon.
             The game lasted 00:04:17 (1288 turns).

IdlyInterested the Cudgeller (Demonspawn Fighter)   Turns: 1288, Time: 00:04:17

Health: -4/35      AC:  9    Str: 16    XL:     4   Next: 26%
Magic:  4/4        EV:  9    Int:  9    God:
Gold:   57         SH:  5    Dex: 15    Spells: 3/3 levels left

rFire   . . .      SeeInvis .    a - +1 flail
rCold   . . .      Faith    .    c - +0 buckler
rNeg    . . .      Spirit   .    b - +0 scale mail
rPois   +          Reflect  .    (no helmet)
rElec   .          Harm     .    (no cloak)
rCorr   .          Rampage  .    e - +0 pair of gloves
Will    +....                    (no boots)
Stlth   ..........               (no amulet)
HPRegen 0.25/turn                s - ring of poison resistance
MPRegen 0.09/turn                p - ring of willpower

@: invisible
A: slimy green scales 1, demonic guardian 1
a: no special abilities


You were on level 3 of the Dungeon.
You visited 1 branch of the dungeon, and saw 3 of its levels.

You collected 57 gold pieces.

Inventory:

Hand Weapons
 a - a +1 flail (weapon)
 h - a +0 short sword
 j - a +3 executioner's axe
Missiles
 f - 13 stones (quivered)
 q - 4 atropa-tipped darts
 v - 7 javelins
Armour
 b - a +0 scale mail (worn)
 c - a +0 buckler (worn)
 e - a +0 pair of gloves (worn)
Jewellery
 p - a ring of willpower (right hand)
 r - a ring of wizardry
 s - a ring of poison resistance (left hand)
Scrolls
 m - a scroll of vulnerability
 o - 2 scrolls of enchant weapon
Potions
 d - a potion of might
 g - 2 potions of curing
 i - a potion of resistance
 k - a potion of mutation {unknown}
 l - a potion of cancellation {unknown}
 n - a potion of attraction {unknown}
 t - a potion of heal wounds {unknown}
 u - a potion of invisibility
 w - a potion of flight {unknown}


   Skills:
 - Level 3.0 Fighting
 * Level 3.6 Maces & Flails
 - Level 3.0 Armour
 * Level 1.2 Dodging
 - Level 2.6 Shields


You had 3 spell levels left.
You didn't know any spells.
Your spell library contained the following spells:

 Spells                   Type           Power      Damage    Failure   Level
 Sting                    Tmut/Pois      0%         1d3       88%         1
 Cigotuvi's Dreadful Rot  Necr/Pois/Air  0%         N/A       96%         2
 Kindle Blastsparks       Fire/Tloc/Air  0%         2d10      99%         3
 Anguish                  Hex/Necr       0%         N/A       100%        4
 Fulminant Prism          Conj/Hex       0%         3d5       100%        4
 Ice Form                 Ice/Tmut       0%         N/A       100%        4
 Iskenderun's Mystic Bla  Conj/Tloc      0%         2d3       100%        4
 Lee's Rapid Deconstruct  Erth           0%         3d4*      100%        5


Dungeon Overview and Level Annotations

Branches:
Dungeon (3/15)

Altars:


Innate Abilities, Weirdness & Mutations

You are partially covered in slimy green scales. (AC +2)
A weak demonic guardian rushes to your aid.


Message History

You kill the endoplasm!
w - a murky amethyst potion
There is a stone staircase leading up here.
You climb upwards.
There is a stone staircase leading down here.
There is a stone staircase leading down here.
You climb downwards.
The gnoll shouts! x2; You hear a shout! x2
The gnoll misses you.
A gnoll comes into view. It is wielding a +0 whip.
The gnoll closely misses you.
There is a stone staircase leading up here.
You sock the gnoll!
The gnoll is almost dead.
The gnoll hits you from afar with a +0 halberd!
The gnoll hits you with a +0 whip.
You closely miss the gnoll.
The gnoll is almost dead.
A hobgoblin comes into view.
The gnoll hits you but does no damage. You block the gnoll's attack.
The gnoll barely misses you. The gnoll hits you with a +0 whip.
You sock the gnoll!
You kill the gnoll!
You block the gnoll's attack.
Found 5 stones.
The gnoll hits you with a +0 halberd!
* * * LOW HITPOINT WARNING * * *
You see here a +0 whip.
You hit the gnoll.
The gnoll is lightly wounded.
A dart slug comes into view.
The gnoll hits you with a +0 halberd.
* * * LOW HITPOINT WARNING * * *
A demonic guardian appears!
The gnoll hits you with a +0 whip.
* * * LOW HITPOINT WARNING * * *
Unknown command.
You fade into invisibility!
The gnoll hits you with a +0 halberd.
* * * LOW HITPOINT WARNING * * *
The gnoll hits you with a +0 whip.
You die...

##.# ##.#
...#... ...
#...# ...
#..## ## ..
##..######.
..
#.<.......##(
#..##...###5w
#.##......gg#
...
##...@####
....
####.g..#
......
####......
##### #....
... .


You could see 2 gnolls, a dart slug (unable to see you, ally target), a
hobgoblin (unable to see you) and a friendly ufetubus (summoned).

Vanquished Creatures
  4 adders (D:2)
  A gnoll (D:3)
  A worm (D:2)
  7 ball pythons
  5 bats
  3 endoplasms
  3 giant cockroaches
  4 goblins
  A hobgoblin (D:1)
  4 jackals (D:2)
  A kobold (D:1)
  A quokka (D:2)
  4 rats
39 creatures vanquished.

Notes
Turn   | Place    | Note
-------+----------+-------------------------------------------
     0 | D:1      | IdlyInterested the Demonspawn Fighter began the quest for
                  | the Orb.
     0 | D:1      | Reached XP level 1. HP: 18/18 MP: 1/1
   181 | D:1      | Gained mutation: You are partially covered in slimy green
                  | scales. (AC +2) [demonic ancestry]
   181 | D:1      | Reached XP level 2. HP: 23/24 MP: 2/2
   791 | D:2      | Got the Incunabulum of the Earth
   956 | D:2      | Reached XP level 3. HP: 22/29 MP: 3/3
  1019 | D:2      | Reached skill level 1 in Dodging
  1078 | D:2      | Found a faded altar of an unknown god.
  1170 | D:2      | Gained mutation: A weak demonic guardian rushes to your
                  | aid. [demonic ancestry]
  1170 | D:2      | Reached XP level 4. HP: 30/35 MP: 4/4
  1288 | D:3      | HP: 1/35 [gnoll/+0 halberd (3)]
  1288 | D:3      | Slain by a gnoll

Illustrated notes

Levels and vault maps discovered:
D:1:      co_arrival_random_square_maze, layout_loops_ring
D:2:      layout_rooms, shapermc_ecumenical_altar_venn, eino_tiny_chamber
D:3:      layout_rooms, jmf_multi_god_temple2, uniq_natasha

Skill      XL: |  1  2  3 |
---------------+----------+-----
Maces & Flails | 2 3 |  3.6
Armour         | 3 |  3.0
Dodging        | 1 |  1.2
Fighting       | |  3.0
Shields        | |  2.6

Action                   |  1- 3 |  4- 6 || total
-------------------------+-------+-------++-------
Melee: Flail             |   170 |    12 ||   182
  Use: Scroll            |     6 |       ||     6
       Potion            |     1 |     1 ||     2
 Stab: Invisible         |     1 |       ||     1
Armor: Scale mail        |   103 |     2 ||   105
Dodge: Dodged            |    71 |     7 ||    78
Block: Buckler           |    43 |     6 ||    49

Table legend: (Time is in decaauts)
 A = Elapsed time spent in this place.
 B = Non-inter-level travel time spent in this place.
 C = Inter-level travel time spent in this place.
 D = Time resting spent in this place.
 E = Time spent auto-exploring this place.
 F = Levels seen in this place.
 G = Mean time per level.
                   A        B        C        D        E       F      G
               +--------+--------+--------+--------+--------+-----+--------+
         Total |   1344 |   1279 |     65 |      2 |    725 |   3 |  448.0 |
       Dungeon |   1344 |   1279 |     65 |      2 |    725 |   3 |  448.0 |
               +--------+--------+--------+--------+--------+-----+--------+

Top non-repeatable levels by time:
     D:1: 774 daAuts
     D:2: 553 daAuts
     D:3: 16 daAuts
